 Dungeon Crawl Stone Soup version 0.23.1 (webtiles) character file.

Game seed: 8166121943971384397

50 Borgoz the Sneak (level 3, -1/28 HPs)
             Began as a Ghoul Enchanter on Mar 3, 2019.
             Slain by a hound (3 damage)
             ... on level 2 of the Dungeon.
             The game lasted 00:02:32 (1193 turns).

Borgoz the Sneak (Ghoul Enchanter)                  Turns: 1193, Time: 00:02:33

Health: -1/28      AC:  2    Str: 10 (11) XL:     3   Next: 79%
Magic:  4/4        EV: 17    Int: 10      God:
Gold:   92         SH:  0    Dex: 14 (15) Spells: 4/5 levels left

rFire    . . .     SeeInvis .   l - +0 short sword
rCold    + . .     Gourm    .   (no shield)
rNeg     + + +     Faith    .   b - +0 robe
rPois    ∞         Spirit   .   (no helmet)
rElec    .         Reflect  .   (no cloak)
rCorr    .         Harm     .   (no gloves)
MR       .....                  (no boots)
Stlth    +++.......             (no amulet)
HPRegen  0.00/turn              (no ring)
MPRegen  0.09/turn              (no ring)

@: agile, rotting
A: rotting body, claws 1, carnivore, cold resistance 1, negative energy
resistance 3, inhibited regeneration, torment resistance, unbreathing
a: no special abilities


You were on level 2 of the Dungeon.
You were not hungry.

You visited 1 branch of the dungeon, and saw 2 of its levels.

You collected 92 gold pieces.

Inventory:

Hand Weapons
 l - a +0 short sword (weapon)
Armour
 b - a +0 robe (worn)
Scrolls
 h - a scroll of magic mapping {unknown}
 k - 2 scrolls of fear {unknown}
Potions
 i - a potion of haste {unknown}
 j - a potion of lignification {unknown}
Comestibles
 c - a chunk of flesh
 d - 3 rations


   Skills:
 + Level 1.1 Fighting
 * Level 1.5 Short Blades
 + Level 0.7 Armour
 * Level 2.2 Dodging
 + Level 3.5 Stealth
 + Level 1.9 Spellcasting
 + Level 2.5 Hexes


You had 4 spell levels left.
You knew the following spells:

 Your Spells              Type           Power        Failure   Level  Hunger
a - Corona                Hex            #......      11%         1    ##.....

Your spell library contained the following spells:

 Spells                   Type           Power        Failure   Level  Hunger
 Ensorcelled Hibernation  Hex/Ice        #.....       28%         2    ###....
 Confuse                  Hex            #.......     32%         3    ####...
 Tukima's Dance           Hex            #.......     32%         3    ####...
 Dazzling Spray           Conj/Hex       #.....       50%         3    ####...


Dungeon Overview and Level Annotations

Branches:
Dungeon (2/15)

Altars:
Cheibriados
Uskayaw


Innate Abilities, Weirdness & Mutations

Your body is rotting away.
You thrive on raw meat.
You are immune to poison.
You have sharp fingernails.
You are carnivorous and can eat meat at any time.
Your flesh is cold resistant. (rC+)
You are immune to negative energy. (rN+++)
You do not regenerate when monsters are visible.
You are immune to unholy pain and torment.
You can survive without breathing.


Message History

* * * LOW HITPOINT WARNING * * *
It was a potion of curing.
You feel better. The hound bites you. The hound closely misses you.
It was a potion of agility.
You feel agile all of a sudden. The hound barely misses you.
There are no items here.
You hit the hound but do no damage.
The hound is lightly wounded.
The hound bites you.
* * * LOW HITPOINT WARNING * * *
The hound bites you.
* * * LOW HITPOINT WARNING * * *
It was a potion of mutation.
You feel extremely strange.
Your body decomposes!
You feel weakened.
Your body decomposes!
You feel clumsy. The hound bites you.
You die...

###########
!.....h@..#
.########.# #.# #.#
#.######## #####
####>........ .....
+.....#############
####.....(.........
##.#############


You could see a hound.

Vanquished Creatures
  An adder (D:2)
  3 dart slugs
  3 leopard geckos
  3 giant cockroaches
  4 hobgoblins
  2 jackals (D:2)
  4 kobolds
  4 bats
  A goblin (D:2)
  7 rats
32 creatures vanquished.

Notes
Turn   | Place    | Note
-------+----------+-------------------------------------------
     0 | D:1      | Borgoz the Ghoul Enchanter began the quest for the Orb.
     0 | D:1      | Reached XP level 1. HP: 14/14 MP: 2/2
    42 | D:1      | Reached skill level 1 in Short Blades
   446 | D:1      | Reached XP level 2. HP: 17/20 MP: 3/3
   883 | D:2      | Found a hide-covered altar of Uskayaw.
   896 | D:2      | Reached XP level 3. HP: 18/27 MP: 4/4
   926 | D:2      | Reached skill level 1 in Fighting
   953 | D:2      | Found a snail-covered altar of Cheibriados.
  1164 | D:2      | Noticed an ogre
  1193 | D:2      | Slain by a hound

Skill      XL: |  1  2  3 |
---------------+----------+-----
Short Blades   | 1 |  1.5
Dodging        | 2 |  2.2
Fighting       | 1 |  1.1
Armour         | |  0.7
Stealth        | |  3.5
Spellcasting   | |  1.9
Hexes          | |  2.5

Action                   || total
-------------------------++-------
Melee: Dagger            ||   127
       Short sword       ||    54
  Use: Potion            ||     3
 Stab: Sleeping          ||     3
  Eat: Chunk             ||    18
Armor: Robe              ||    40
Dodge: Dodged            ||   134
